 Dungeon Sprint DCSS version 0.28-a0-247-gb8bfbab023 (webtiles) character file.

Game seed: 4761716451439691203

220 MikeHunt the Cleaver (level 11, -28/99 HPs)
             Began as a Naga Fighter on Aug 25, 2021.
             Was an Initiate of Gozag.
             Annihilated by Aizul (55 damage)
             ... in the Dungeon (Sprint VI: "Thunderdome").
             The game lasted 00:06:55 (515 turns).

MikeHunt the Cleaver (Naga Fighter)                  Turns: 515, Time: 00:06:56

Health: -28/99     AC: 10    Str: 26    XL:     11   Next: 52%
Magic:  20/20      EV:  9    Int: 18    God:    Gozag
Gold:   171        SH:  0    Dex: 10    Spells: 10/10 levels left

rFire   . . .      SeeInvis +   a - +0 war axe
rCold   . . .      Faith    +   c - +0 kite shield
rNeg    . . .      Spirit   .   b - +0 scale mail
rPois   +          Reflect  .   t - +2 helmet of Action {rPois}
rElec   .          Harm     .   (no cloak)
rCorr   +          Rampage  .   (no gloves)
Will    +....      NoTele   +   (no barding)
Stlth   ..........              p - amulet of Vaumpoun {Faith rPois rCorr Int+4 Dex-2}
HPRegen 0.26/turn               r - ring of the Endless Expanse {MP+9 Str+6}
MPRegen 0.17/turn               u - ring "Larucemith" {rPois rCorr Int+5 Slay+2}

@: lethally poisoned (-28 -> -33), sleeping, hasted, very slow
A: AC +3, large, see invisible, deformed body, poison resistance, slowness 2,
spit poison 1, naga tail 1
a: Spit Poison, Renounce Religion, Potion Petition, Call Merchant, Bribe Branch


You were in the Dungeon.
You worshipped Gozag.
Gozag was aware of your devotion.
You visited 1 branch You collected 1958 gold pieces.
You spent 1787 gold pieces at shops.

Inventory:

Hand Weapons
 a - a +0 war axe (weapon)
 v - a +0 broad axe
Missiles
 f - a throwing net
 s - 3 curare-tipped darts
Armour
 b - a +0 scale mail (worn)
 c - a +0 kite shield (worn)
 t - the +2 helmet of Action (worn) {rPois}
   (You bought it in a shop in the Dungeon)

   rPois:     It protects you from poison.
Jewellery
 o - the amulet "Jehos" {Spirit Harm Drain rF++ Str+2}
   (You bought it in a shop in the Dungeon)

   [amulet of guardian spirit]

   It causes incoming damage to be divided between your reserves of health and
   magic.
   Str:       It affects your strength (+2).
   rF:        It greatly protects you from fire.
   Drain:     It drains your maximum health when unequipped.
   Harm:      It increases damage dealt and taken.
 p - the amulet of Vaumpoun (around neck) {Faith rPois rCorr Int+4 Dex-2}
   (You bought it in a shop in the Dungeon)

   [amulet of faith]

   It allows you to gain divine favour quickly.
   Int:       It affects your intelligence (+4).
   Dex:       It affects your dexterity (-2).
   rPois:     It protects you from poison.
   rCorr:     It protects you from acid and corrosion.
 q - the ring "Carghu Main" {Dex+4 SInv}
   (You bought it in a shop in the Dungeon)

   [ring of see invisible]

   Dex:       It affects your dexterity (+4).
   SInv:      It lets you see invisible.
 r - the ring of the Endless Expanse (left hand) {MP+9 Str+6}
   (You bought it in a shop in the Dungeon)

   [ring of strength]

   Str:       It affects your strength (+6).
   MP:        It affects your magic capacity (+9).
 u - the ring "Larucemith" (right hand) {rPois rCorr Int+5 Slay+2}
   (You bought it in a shop in the Dungeon)

   [ring of resist corrosion]

   Int:       It affects your intelligence (+5).
   Slay:      It affects your accuracy & damage with ranged weapons and melee
   (+2).
   rPois:     It protects you from poison.
   rCorr:     It protects you from acid and corrosion.
Wands
 k - a wand of iceblast (3)
 l - a wand of acid (2)
Scrolls
 j - 3 scrolls of blinking
 m - 3 scrolls of fog
Potions
 d - a potion of might
 e - a potion of heal wounds
 g - 2 potions of haste
 h - 2 potions of magic
 i - a potion of berserk rage
 n - a potion of resistance


   Skills:
 - Level 6.8 Fighting
 + Level 13.7 Axes
 - Level 4.1 Armour
 - Level 4.8 Dodging
 - Level 9.0 Shields
 + Level 12.7 Evocations


You had 10 spell levels left.
You didn't know any spells.
Your spell library was empty.

Dungeon Overview and Level Annotations

Branches:
Dungeon (1/1)

Altars:
Cheibriados
Dithmenos
Fedhas
Gozag
Kikubaaqudgha
Makhleb
Okawaru
Qazlal
Ru
Sif Muna
Trog
Uskayaw
Vehumet
Wu Jian
Xom
Yredelemnul
Zin
The Shining One
Beogh
Jiyva
Lugonu

Shops:
D *[??*?*:[((!!!!

Annotations:
D Aizul


Innate Abilities, Weirdness & Mutations

Your serpentine skin is tough. (AC +3)
You have supernaturally acute eyesight. (SInv)
Armour fits poorly on your strangely shaped body.
Your system is resistant to poisons. (rPois)
You cover ground very slowly.
You can spit poison.
You have a snake-like lower body.


Message History

You closely miss Aizul.
Aizul is heavily wounded.
Aizul coils herself and waves her upper body at you.
You block the poison arrow.
You hit Aizul.
Aizul is heavily wounded.
Aizul casts a spell at you. The bolt of poison hits you. You resist.
You slash Aizul!
Aizul is severely wounded.
Aizul coils herself and waves her upper body at you.
The bolt of poison misses you.
You barely miss Aizul.
Aizul is severely wounded.
You closely miss Aizul.
Aizul is severely wounded.
Aizul misses you.
You hit Aizul but do no damage.
Aizul is severely wounded.
Aizul hits you but does no damage.
You miss Aizul.
Aizul is severely wounded.
You barely miss Aizul.
Aizul is severely wounded.
Aizul casts a spell at you. The bolt of poison hits you.
You are poisoned.
You resist.
You barely miss Aizul.
Aizul is severely wounded.
You feel sick. Aizul hits you but does no damage.
You miss Aizul.
Aizul is heavily wounded.
You feel sick.
Aizul coils herself and waves her upper body at you.
You fall asleep.
You feel sick. Aizul closely misses you. Aizul hits you!!!
Ouch! That really hurt!
You die...
Your body crumbles into a pile of gold.

###.....(...###
#⌠...........⌠#
##.8.........8.######
_).....###......___∩##
.....8.# #.8........∩###
.......###.............##
....###S..###..........⌠#
....# #.<.# #(.S.......⌠#
....###...###..$@......⌠#
.......###......[..)...##
...(.8.# #.8........∩###
_..[(..###......___∩##
##.8.........8.######
#⌠...(.......⌠#
###.........###
#........_# #_......._#


You could see Aizul.

Vanquished Creatures
  Sonja (D)
  A black mamba (D)
  A kobold demonologist (D)
  A merfolk (D)
  Sigmund (D)
  4 wyverns (D)
  A necrophage (D)
  2 centaurs (D)
  A phantom (D)
  2 kobold brigands (D)
  A wight (D)
  An adder skeleton (D)
  A hobgoblin (D)
  A ball python (D)
  A goblin (D)
  2 kobolds (D)
  A quokka zombie (D)
23 creatures vanquished.

Notes
Turn   | Place    | Note
-------+----------+-------------------------------------------
     0 | D        | MikeHunt the Naga Fighter began the quest for the Orb.
     0 | D        | Reached XP level 1. HP: 21/21 MP: 1/1
     1 | D        | Found a shimmering altar of Xom.
     1 | D        | Found an iron altar of Okawaru.
     2 | D        | Found a corrupted altar of Lugonu.
     3 | D        | Found an ancient bone altar of Kikubaaqudgha.
     3 | D        | Found a bloodstained altar of Trog.
     4 | D        | Found a stormy altar of Qazlal.
     4 | D        | Found a sacrificial altar of Ru.
     4 | D        | Found Odghua Hoat's Identification Station.
     4 | D        | Round 1.
     5 | D        | Found Zabij's Jewellery.
     5 | D        | Found Ocytygh's Advanced Armour.
    16 | D        | Bought a clouded ivory amulet for 45 gold pieces
    16 | D        | Identified the amulet "Jehos" {Spirit Harm Drain rF++
                  | Str+2} (You bought it in a shop in the Dungeon)
    16 | D        | Bought a slimy ruby amulet for 45 gold pieces
    16 | D        | Identified the amulet of Vaumpoun {Faith rPois rCorr Int+4
                  | Dex-2} (You bought it in a shop in the Dungeon)
    16 | D        | Bought a brightly glowing glass ring for 45 gold pieces
    16 | D        | Identified the ring "Carghu Main" {Dex+4 SInv} (You bought
                  | it in a shop in the Dungeon)
    16 | D        | Bought a clouded amber ring for 45 gold pieces
    16 | D        | Identified the ring of the Endless Expanse {MP+9 Str+6}
                  | (You bought it in a shop in the Dungeon)
    28 | D        | Found Xojuohuo's Magic Scroll Shop.
    29 | D        | Found Haenown's Magic Scroll Shop.
    29 | D        | Found Cesaech's Must-Have Magic.
    30 | D        | Found a viscous altar of Jiyva.
    30 | D        | Found a shimmering blue altar of Sif Muna.
    30 | D        | Found Orywenit's Staff Store.
    34 | D        | Found a glowing golden altar of the Shining One.
    35 | D        | Found an ornate altar of the Wu Jian Council.
    36 | D        | Found a basalt altar of Yredelemnul.
    38 | D        | Noticed Sigmund
    42 | D        | Killed Sigmund
    43 | D        | Reached skill level 6 in Axes
    43 | D        | Reached skill level 5 in Shields
    43 | D        | Reached skill level 5 in Evocations
    43 | D        | Reached XP level 2. HP: 23/28 MP: 2/2
    43 | D        | Reached XP level 3. HP: 28/34 MP: 3/3
    43 | D        | Reached XP level 4. HP: 34/42 MP: 4/4
    43 | D        | Reached XP level 5. HP: 40/49 MP: 5/5
    51 | D        | Found Lalioran's Distillery.
    51 | D        | Found Leg Eved's Distillery.
    52 | D        | Found Idics's Bottled Wisdom.
    54 | D        | Found a radiant altar of Vehumet.
    54 | D        | Found a burning altar of Makhleb.
    54 | D        | Found a shadowy altar of Dithmenos.
    54 | D        | Found Asoatojeoh's Do-It-Yourself Clinic.
    58 | D        | Found a snail-covered altar of Cheibriados.
    59 | D        | Found an opulent altar of Gozag.
    60 | D        | Found a glowing silver altar of Zin.
    61 | D        | Found Wuracsei's Weapon Rack.
    62 | D        | Found Lioxapp's Basic Armour.
    62 | D        | Found Vaibefri's Miscellaneous Merchandise.
    67 | D        | Became a worshipper of Gozag Ym Sagoz the Greedy
    70 | D        | Found Vuniwu Taaf's Premium Goods.
    70 | D        | Found a hide-covered altar of Uskayaw.
    70 | D        | Found a blossoming altar of Fedhas.
    87 | D        | Noticed Jessica
    94 | D        | Arena points: 5 (+5) [x1]
   105 | D        | Round 2.
   112 | D        | Noticed a phantom
   124 | D        | Killed a phantom
   125 | D        | Reached skill level 7 in Axes
   125 | D        | Reached XP level 6. HP: 36/56 MP: 6/6
   137 | D        | Noticed a necrophage
   151 | D        | Killed a necrophage
   152 | D        | Reached skill level 8 in Axes
   154 | D        | Arena points: 29 (+24) [x2]
   159 | D        | Bought a potion of experience for 300 gold pieces
   159 | D        | Reached skill level 5 in Fighting
   159 | D        | Reached skill level 9 in Axes
   159 | D        | Reached XP level 7. HP: 31/67 MP: 7/7
   165 | D        | Round 3.
   189 | D        | Noticed Sonja
   192 | D        | Killed Sonja
   193 | D        | Reached skill level 10 in Axes
   193 | D        | Reached XP level 8. HP: 71/75 MP: 8/8
   243 | D        | Noticed a kobold demonologist
   249 | D        | Reached skill level 11 in Axes
   259 | D        | Killed a kobold demonologist
   259 | D        | Arena points: 92 (+63) [x3]
   260 | D        | Reached skill level 10 in Evocations
   296 | D        | Round 4.
   300 | D        | Bought a faintly glowing helmet for 332 gold pieces
   300 | D        | Identified the +2 helmet of Action {rPois} (You bought it
                  | in a shop in the Dungeon)
   311 | D        | Bought a crude marble ring for 45 gold pieces
   311 | D        | Identified the ring "Larucemith" {rPois rCorr Int+5 Slay+2}
                  | (You bought it in a shop in the Dungeon)
   313 | D        | Noticed a wyvern
   318 | D        | Killed a wyvern
   319 | D        | Reached XP level 9. HP: 66/81 MP: 9/9
   344 | D        | Reached skill level 12 in Axes
   396 | D        | Bought 3 potions of heal wounds for 105 gold pieces
   396 | D        | Bought 3 potions of heal wounds for 105 gold pieces
   397 | D        | Bought 2 potions of experience for 600 gold pieces
   397 | D        | Reached skill level 13 in Axes
   397 | D        | Reached XP level 10. HP: 21/91 MP: 10/10
   398 | D        | Reached XP level 11. HP: 23/99 MP: 11/11
   421 | D        | Arena points: 220 (+128) [x4]
   437 | D        | Bought a +0 broad axe for 120 gold pieces
   470 | D        | Round 5.
   478 | D        | Noticed Aizul
   515 | D        | Annihilated by Aizul

Illustrated notes

Levels and vault maps discovered:
D:        arena_sprint

Skill      XL: |  1  2  3  4  5  6  7  8  9 10 |
---------------+-------------------------------+-----
Axes           | 6 7 9 10 11 13 | 13.7
Shields        | 5 6 8 9 |  9.0
Evocations     | 5 6 7 9 10 12 | 12.7
Fighting       | 5 6 |  6.8
Dodging        | 3 4 |  4.8
Armour         | 3 4 |  4.1

Action                   |  1- 3 |  4- 6 |  7- 9 | 10-12 || total
-------------------------+-------+-------+-------+-------++-------
Melee: War axe           |    13 |    26 |    54 |    45 ||   138
 Abil: Spit Poison       |       |     1 |     4 |     2 ||     7
Evoke: Wand              |     2 |       |     3 |       ||     5
  Use: Potion            |       |     2 |     6 |     7 ||    15
       Scroll            |       |       |     1 |       ||     1
 Stab: Distracted        |       |     1 |     1 |       ||     2
Armor: Scale mail        |     8 |     1 |    27 |    11 ||    47
Dodge: Dodged            |     3 |     9 |    15 |    14 ||    41
Block: Kite shield       |     7 |    12 |    31 |     9 ||    59

Table legend: (Time is in decaauts)
 A = Elapsed time spent in this place.
 B = Non-inter-level travel time spent in this place.
 C = Inter-level travel time spent in this place.
 D = Time resting spent in this place.
 E = Time spent auto-exploring this place.
 F = Levels seen in this place.
 G = Mean time per level.
                   A        B        C        D        E       F      G
               +--------+--------+--------+--------+--------+-----+--------+
         Total |    613 |    608 |      5 |      0 |      0 |   1 |  613.0 |
       Dungeon |    613 |    608 |      5 |      0 |      0 |   1 |  613.0 |
               +--------+--------+--------+--------+--------+-----+--------+

Top non-repeatable levels by time:
       D: 613 daAuts
